AoeStats
← º CAIKE

Arena

510453358Analyzed
1v1 RM · 2d ago on Oct 1, 2026· 29m 16s· 2 players
Game mode
Random Map
Map size
Tiny (2 player)
Population
200
Speed
Normal
Resources
Standard
Victory
Conquest
Starting age
Dark Age
Ending age
Imperial Age
RankedLock teamsTeams togetherTeam positionsShared explorationLock speedFull tech treeHidden civsTurbo modeCheats
Victory
Defeat
🇺🇸 Persians · United States
963
+17
🇻🇪 Khmer · Venezuela
989
-17
Jawsh
10:35 Feudal Age
14:01 Castle Age
12:38 Double-Bit Axe
14:43 Bow Saw
14:49 Horse Collar
16:55 Gold Mining
17:56 Loom
20:20 Bloodlines
20:18 Scale Barding Armor
21:31 Forging
22:27 Chain Barding Armor
23:41 Iron Casting
23:31 Husbandry
29:28 Gold Shaft Mining
29:30 Wheelbarrow
º CAIKE
10:34 Feudal Age
11:17 Horse Collar
11:28 Gold Mining
11:26 Double-Bit Axe
16:41 Castle Age
21:46 Wheelbarrow
21:39 Bow Saw
21:33 Heavy Plow
27:31 Pikeman
29:18 Caravan
Connection lost

Rejoining the realm…

Still unreachable

The connection could not be restored.

Session expired

The server has moved on; the page needs a fresh start.